 Dungeon Crawl Stone Soup version 0.30.1-9-gdf580d7c3d (webtiles) character file.

Game seed: 16479899644904022788

4930 cg1 the Fighter (level 10, -1/102 HPs)
             Began as a Minotaur Fighter on Oct 23, 2023.
             Was a Believer of Nemelex Xobeh.
             Killed from afar by an acid dragon (25 damage)
             ... with a splash of acid
             ... on level 10 of the Dungeon.
             The game lasted 00:37:38 (6231 turns).

cg1 the Fighter (Minotaur Fighter)                  Turns: 6231, Time: 00:37:39

Health: -1/102     AC: 20    Str: 25    XL:     10   Next: 27%
Magic:  9/9        EV: 10    Int:  5    God:    Nemelex Xobeh [**....]
Gold:   451        SH:  4    Dex: 10    Spells: 9/9 levels left

rFire   + . .        d - +3 mace (protect)
rCold   . . .        c - +0 buckler
rNeg    . . .        b - +0 scale mail
rPois   .            (helmet restricted)
rElec   .            z - +2 cloak
rCorr   .            E - +0 pair of gloves
SInv    .            (no boots)
Will    .....        (no amulet) Stlth
                     e - ring of protection from fire
HPRegen 0.37/turn    A - +4 ring of slaying
MPRegen 0.11/turn

%: no passive effects
@: under a protective aura
A: horns 2, retaliatory headbutt
a: Renounce Religion, Draw Escape, Draw Destruction, Draw Summoning


You were on level 10 of the Dungeon.
You worshipped Nemelex Xobeh.
Nemelex Xobeh was pleased with you.
You visited 2 branches of the dungeon, and saw 12 of its levels.

You collected 451 gold pieces.

Inventory:

Hand Weapons
 d - a +3 mace of protection (weapon)
 o - a +0 shortbow of freezing
 v - a +2 dagger of chaos
 y - a +2 quarterstaff of chaos
Missiles
 h - 7 boomerangs (quivered)
Armour
 b - a +0 scale mail (worn)
 c - a +0 buckler (worn)
 z - a +2 cloak (worn)
 E - a +0 pair of gloves (worn)
Jewellery
 e - a ring of protection from fire (left hand)
 A - a +4 ring of slaying (right hand)
Wands
 i - a wand of polymorph (13)
 C - a wand of iceblast (19)
 D - a wand of flame (14)
Scrolls
 a - 2 scrolls of noise
 g - a scroll of poison {unknown}
 p - a scroll of brand weapon
 q - 2 scrolls of magic mapping
 r - 2 scrolls of identify
 s - 2 scrolls of teleportation
Potions
 f - 2 potions of heal wounds
 j - a potion of flight {unknown}
 k - a potion of lignification
 l - 2 potions of attraction {unknown}
 m - 3 potions of magic
 n - a potion of degeneration {unknown}
 t - 2 potions of mutation {unknown}
 u - 6 potions of curing
 w - 2 potions of haste {unknown}
 x - 3 potions of brilliance {unknown}
 B - a potion of invisibility {unknown}


   Skills:
 - Level 13.8 Fighting
 - Level 5.0 Short Blades
 - Level 3.6 Axes
 - Level 1.1 Throwing
 - Level 10.4 Armour
 + Level 1.0 Dodging
 + Level 4.2 Shields
 - Level 0.9 Evocations


You had 9 spell levels left.
You didn't know any spells.
Your spell library contained the following spells:

 Spells                   Type           Power      Damage    Failure   Level
 Foxfire                  Conj/Fire      0%         2x1d4     78%         1
 Cigotuvi's Dreadful Rot  Necr/Pois/Air  0%         N/A       89%         2
 Call Canine Familiar     Summ           0%         N/A       98%         3
 Ignite Poison            Fire/Tmut/Pois 0%         N/A       98%         3
 Ozocubu's Armour         Ice            0%         N/A       98%         3
 Portal Projectile        Hex/Tloc       0%         N/A       98%         3
 Leda's Liquefaction      Hex/Erth       0%         N/A       100%        4
 Summon Ice Beast         Ice/Summ       0%         N/A       100%        4
 Fireball                 Conj/Fire      0%         3d3       100%        5
 Freezing Cloud           Conj/Ice/Air   0%         6-21      100%        5
 Metabolic Englaciation   Hex/Ice        0%         N/A       100%        5
 Summon Mana Viper        Hex/Summ       0%         N/A       100%        5
 Plasma Beam              Fire/Air       0%         2x1d11    100%        6
 Simulacrum               Ice/Necr       0%         N/A       100%        6
 Starburst                Conj/Fire      0%         6d3       100%        6
 Monstrous Menagerie      Summ           0%         N/A       100%        7


Dungeon Overview and Level Annotations

Branches:
Dungeon (11/15)            Temple (1/1) D:6             Orc (0/2) D:10
   Lair: D:8-11

Altars:
Ashenzari
Cheibriados
Dithmenos
Elyvilon
Fedhas
Gozag
Hepliaklqana
Kikubaaqudgha
Makhleb
Nemelex Xobeh
Okawaru
Qazlal
Ru
Sif Muna
Trog
Uskayaw
Vehumet
Wu Jian
Xom
Yredelemnul
Zin
The Shining One

Shops:
D:6 *

Annotations:
D:6 1 runed translucent door, Nexanis's ghost, novice SpEE


Innate Abilities, Weirdness & Mutations

You have a pair of horns on your head.
You reflexively headbutt those who attack you in melee.


Message History

Found 19 gold pieces.
Found an escape hatch in the ceiling.
The acid dragon roars!
Okay, then.
Press: ? - help, v - describe, . - travel
Here: an acid dragon The floor.
You thump the two-headed ogre!
Your weapon exudes an aura of protection.
The two-headed ogre is moderately wounded.
The two-headed ogre hits you but does no damage.
The two-headed ogre closely misses you. You block the acid dragon's attack.
The acid dragon barely misses you.
You sock the two-headed ogre!
The two-headed ogre is heavily wounded.
The two-headed ogre hits you with a +0 dire flail!
The two-headed ogre hits you but does no damage.
The acid dragon spits acid at you. The splash of acid hits you!
You hit the two-headed ogre but do no damage.
The two-headed ogre is heavily wounded.
The two-headed ogre hits you with a +0 dire flail! x2
The acid dragon closely misses you. You furiously retaliate!
You headbutt the acid dragon.
The acid dragon claws you but does no damage.
You thump the two-headed ogre!
The two-headed ogre is severely wounded.
You block the acid dragon's attack.
The acid dragon claws you but does no damage.
The two-headed ogre hits you but does no damage.
The two-headed ogre hits you with a +0 dire flail.
The acid dragon barely misses you. You block the acid dragon's attack.
You sock the two-headed ogre!
The two-headed ogre is severely wounded.
The two-headed ogre hits you with a +0 dire flail.
The two-headed ogre hits you with a +0 dire flail!
* * * LOW HITPOINT WARNING * * *
The acid dragon spits acid at you. The splash of acid hits you!!
You die...
Your body disappears without a glow.

,,,,,,**,....,*#.#,* *,*
,,,,,,**,...,,*#.#,* *,*
,,,,,,**,..,,,*#.#,* *,*
,,,,,,**,.,,,,*#.#,*********,*
,,,,,,****,,,**#.#,,,,,,,,,,,*
,,,,,,** *,,,* #.#************
,,,,,,,* ***** #.# ,,,,,,,**
##.#######***
,,,,,,,,******#.@O......,,*
~~~~~~~,,,,,,,+..D...<..,,*
~~~~~~~,,*****#.........,,*
*****~~,,* *,....######***
,,~,*~~,,* *$....# ,,***~~,,*
#.....# ,,,>*~~,,* #.....#
,,***~~,,* #.....#
,,~,*~~,,*******,**


You could see a two-headed ogre and an acid dragon (catching breath).

Vanquished Creatures
  Erica (D:10)
  Maurice (D:8)
  Prince Ribbit (D:6)
  A wraith (D:10)
  A shadow (D:10)
  2 yaks (D:9)
  A wyvern (D:10)
  A steam dragon (D:7)
  Menkaure (D:6)
  2 orc warriors
  3 ogres
  A black bear (D:5)
  A centaur (D:7)
  4 bullfrogs
  A gnoll sergeant (D:8)
  3 scorpions
  3 killer bees (D:7)
  2 jellies
  8 orc priests
  Crazy Yiuf (D:4)
  2 sleepcaps
  2 iguanas
  12 orc wizards
  3 gnolls (D:8)
  5 adders
  A shadow imp (D:8)
  2 white imps
  2 worms
  2 dart slugs
  53 orcs
  15 ball pythons
  8 bats
  17 endoplasms
  6 goblins
  8 hobgoblins
  6 jackals
  4 quokkas
  6 frilled lizards
  6 kobolds
  5 rats
204 creatures vanquished.

Vanquished Creatures (collateral kills)
  A death yak (D:9)
1 creature vanquished.

Vanquished Creatures (others)
  An orc (D:8)
1 creature vanquished.

Grand Total: 206 creatures vanquished

Notes
Turn   | Place    | Note
-------+----------+-------------------------------------------
     0 | D:1      | cg1 the Minotaur Fighter began the quest for the Orb.
     0 | D:1      | Reached XP level 1. HP: 19/19 MP: 0/0
    90 | D:1      | Reached XP level 2. HP: 27/27 MP: 1/1
   125 | D:1      | Reached skill level 1 in Dodging
   135 | D:1      | Reached skill level 4 in Fighting
   260 | D:1      | Reached XP level 3. HP: 32/33 MP: 2/2
  1089 | D:2      | Reached XP level 4. HP: 41/41 MP: 3/3
  1387 | D:3      | Reached skill level 5 in Fighting
  1732 | D:3      | Reached XP level 5. HP: 48/48 MP: 4/4
  1790 | D:3      | Found a faded altar of an unknown god.
  2360 | D:4      | Reached skill level 6 in Fighting
  2360 | D:4      | Reached skill level 5 in Armour
  2468 | D:4      | Noticed an ogre
  2480 | D:4      | Killed an ogre
  2481 | D:4      | Reached skill level 1 in Short Blades
  2481 | D:4      | Reached XP level 6. HP: 48/58 MP: 5/5
  2609 | D:4      | Found a runed translucent door.
  2610 | D:4      | Noticed Crazy Yiuf
  2644 | D:4      | Killed Crazy Yiuf
  2853 | D:4      | Found a shimmering blue altar of Sif Muna.
  2902 | D:5      | Entered Level 5 of the Dungeon
  2908 | D:5      | Reached skill level 7 in Fighting
  2910 | D:5      | Reached skill level 1 in Throwing
  2910 | D:5      | Reached XP level 7. HP: 57/66 MP: 6/6
  2937 | D:5      | You fall into a shaft and drop 3 floors!
  2954 | D:7      | Noticed a steam dragon
  2970 | D:7      | Killed a steam dragon
  2980 | D:7      | Noticed a two-headed ogre
  3158 | D:7      | Reached skill level 8 in Fighting
  3350 | D:7      | Reached skill level 9 in Fighting
  3350 | D:7      | Reached XP level 8. HP: 70/78 MP: 7/7
  3391 | D:6      | Noticed Nexanis's ghost (novice SpEE)
  3391 | D:6      | Noticed a +2 whip of chaos
  3391 | D:6      | Found a runed translucent door.
  3391 | D:6      | Found a shimmering altar of Xom.
  3415 | D:6      | Found Hatteil's Overcharged Wands.
  3588 | D:6      | Noticed Prince Ribbit
  3599 | D:6      | Killed Prince Ribbit
  3600 | D:6      | Reached skill level 5 in Short Blades
  3710 | D:6      | Noticed Menkaure
  3720 | D:6      | Killed Menkaure
  3807 | D:6      | Reached skill level 10 in Fighting
  3839 | D:6      | Found a staircase to the Ecumenical Temple.
  3848 | Temple   | Entered the Ecumenical Temple
  4141 | Temple   | Became a worshipper of Nemelex Xobeh the Trickster
  4446 | D:5      | Reached XP level 9. HP: 85/86 MP: 8/8
  4654 | D:6      | Reached skill level 11 in Fighting
  4873 | D:7      | Noticed a boulder beetle
  5119 | D:8      | Reached * piety under Nemelex Xobeh
  5225 | D:8      | Noticed Maurice
  5233 | D:8      | Killed Maurice
  5455 | D:9      | Noticed a death yak
  5464 | D:9      | Noticed a death yak
  5468 | D:9      | Noticed a death yak
  5478 | D:9      | Killed a death yak
  5479 | D:9      | Reached skill level 12 in Fighting
  5546 | D:9      | Received a gift from Nemelex Xobeh
  5565 | D:10     | Entered Level 10 of the Dungeon
  5748 | D:10     | Noticed Erica
  5759 | D:10     | Reached skill level 13 in Fighting
  5785 | D:10     | Reached XP level 10. HP: 68/101 MP: 9/9
  5799 | D:10     | Killed Erica
  5800 | D:10     | Reached skill level 10 in Armour
  5894 | D:8      | HP: 4/102 [poisoned by a kobold brigand (curare-tipped
                  | dart)]
  6224 | D:10     | Noticed a two-headed ogre
  6225 | D:10     | Reached ** piety under Nemelex Xobeh
  6231 | D:10     | Killed from afar by an acid dragon

Illustrated notes

Levels and vault maps discovered:
D:1:      dreamdust_arrival_beginning_and_end, layout_basic,
          minmay_splitting_lines, minmay_vboxes
D:2:      layout_basic, kennysheep_generic_room_3
D:3:      layout_basic, shapermc_ecumenical_altar_flowoftime, grunt_ministairs_8
D:4:      layout_cave_pools, kennysheep_orc_sif_temple,
          ebering_dispersal_statue_hall, uniq_pikel, uniq_crazy_yiuf_cottage
D:5:      layout_cave_pools, serial_bayou_crossing
D:6:      layout_loops_ring, temple_fountains, ebering_ghost_xom,
          nicolae_shop_overcharged_wands, uniq_menkaure, uniq_prince_ribbit1
D:7:      minmay_the_grid_octo_2x2 [minmay_the_grid_octo_toaster,
          minmay_the_grid_octo_chip, minmay_the_grid_octo_pinwheel,
          minmay_the_grid_octo_prize_single_spiral], layout_basic,
          enter_bailey_5, grunt_decor_mini_mirrors
D:8:      layout_loops_ring, uniq_maurice
D:9:      layout_basic, dpeg_lair_monsters, blue_anna_alchemist
D:10:     layout_basic, erik_orc_2, uniq_erica
D:11:     layout_loops_ring, biasface_ghost_orc_armoury,
          nicolae_qazlal_general_emergency
Temple:   compressed_dpeg_triangle_lava_temple

Skill      XL: |  1  2  3  4  5  6  7  8  9 10 |
---------------+-------------------------------+-----
Dodging        | 1 |  1.0
Fighting       | 4 5 6 7 9 10 13 | 13.8
Axes           | 3 |  3.6
Armour         | 4 5 6 7 9 10 | 10.4
Shields        | 4 |  4.2
Short Blades   | 1 2 3 5 |  5.0
Throwing       | 1 |  1.1
Evocations     | |  0.9

Action                     |  1- 3 |  4- 6 |  7- 9 | 10-12 || total
---------------------------+-------+-------+-------+-------++-------
  Melee: War axe           |   102 |    97 |       |       ||   199
         Headbutt          |    11 |    33 |    33 |     2 ||    79
         Dagger            |       |    58 |    74 |       ||   132
         Mace              |       |       |   132 |    35 ||   167
  Throw: Boomerang         |       |     8 |    55 |     5 ||    68
  Evoke: Wand              |       |       |     3 |     1 ||     4
    Use: Scroll            |     1 |     3 |    15 |     1 ||    20
         Potion            |       |       |     4 |     3 ||     7
 Armour: Scale mail        |    58 |    50 |   100 |    19 ||   227
         Skin              |       |       |     5 |    13 ||    18
  Dodge: Dodged            |    47 |    48 |   106 |    13 ||   214
  Block: Buckler           |    22 |    19 |    38 |    10 ||    89
